[Event "Titled Tuesday Blitz May 30 Early 2023"]
[White "Ilamparthi A R"]
[Black "Sjugirov, Sanan"]
[WhiteFideId "45015775"]
[BlackFideId "4189302"]
[WhiteElo "2348"]
[BlackElo "2569"]
[Result "0-1"]
[Round "09"]
[TimeControl "180+2"]
[Date "2023.05.30"]
[WhiteClock "0:00:06"]
[BlackClock "0:00:35"]

1. e4 c5 2. Nf3 d6 3. d3 Nc6 4. g3 Nf6 5. Bg2 e6 6. O-O Be7 7. Re1 O-O 8. c3 b5 9. d4 d5 10. exd5 Nxd5 11. a4 bxa4 12. Qxa4 Bb7 13. dxc5 Bxc5 14. Nbd2 Nf6 15. Ne4 Nxe4 16. Qxe4 Qb6 17. Qc2 h6 18. b4 Be7 19. Be3 Qc7 20. b5 Nb4 21. Qd2 Rfd8 22. Bd4 Nd5 23. Ne5 Bf6 24. c4 Ne7 25. Bxb7 Qxb7 26. Qc3 Nf5 27. Bc5 Qc7 28. Ba3 Nd4 29. f4 Bxe5 30. Rxe5 Qxe5 0-1


[Site "https://www.chess.com"]

[Event "Titled Tuesday Blitz May 30 Early 2023"]
[White "Kovalenko, Igor"]
[Black "Bluebaum, Matthias"]
[WhiteFideId "14117908"]
[BlackFideId "24651516"]
[WhiteElo "2574"]
[BlackElo "2639"]
[Result "0-1"]
[Round "09"]
[TimeControl "180+2"]
[Date "2023.05.30"]
[WhiteClock "0:00:16"]
[BlackClock "0:01:13"]

1. c4 e6 2. Nc3 d5 3. d4 Bb4 4. e3 Nf6 5. a3 Bxc3+ 6. bxc3 c6 7. a4 O-O 8. Nf3 Qc7 9. Ba3 Re8 10. Be2 dxc4 11. Bxc4 c5 12. Bb5 Bd7 13. dxc5 a6 14. Be2 Bc6 15. O-O Nbd7 16. Qd6 Qc8 17. a5 Ne4 18. Qd4 e5 19. Qc4 Ndf6 20. Qb3 Bd5 21. Qb4 Qf5 22. Rad1 Rac8 23. c4 Bc6 24. Qb2 Ng5 25. Ne1 Nh3+ 26. Kh1 Nxf2+ 27. Kg1 Nxd1 28. Bxd1 Qg6 29. Nf3 Rcd8 30. Bc2 Be4 31. Ba4 Re6 32. Qc3 Rd3 33. Qb2 Rxe3 34. c6 bxc6 35. Bc5 Rxf3 36. Rxf3 Bxf3 0-1


[Site "https://www.chess.com"]

[Event "Titled Tuesday Blitz May 30 Early 2023"]
[White "Vitiugov, Nikita"]
[Black "Kramnik, Vladimir"]
[WhiteFideId "4152956"]
[BlackFideId "4101588"]
[WhiteElo "2673"]
[BlackElo "2703"]
[Result "0-1"]
[Round "09"]
[TimeControl "180+2"]
[Date "2023.05.30"]
[WhiteClock "0:00:00"]
[BlackClock "0:02:46"]

1. d4 d5 2. c4 c6 3. Nf3 Nf6 4. e3 Bf5 5. Nc3 e6 6. Nh4 Be4 7. f3 Bg6 8. Qb3 Qb6 9. Bd2 Qxb3 10. axb3 Bc2 11. c5 g5 0-1


[Site "https://www.chess.com"]

[Event "Titled Tuesday Blitz May 30 Early 2023"]
[White "Narayanan.S.L"]
[Black "Zemlyanskii, Ivan"]
[WhiteFideId "5058422"]
[BlackFideId "24249971"]
[WhiteElo "2563"]
[BlackElo "2421"]
[Result "0-1"]
[Round "09"]
[TimeControl "180+2"]
[Date "2023.05.30"]
[WhiteClock "0:00:00"]
[BlackClock "0:00:10"]

1. e4 c5 2. c3 d5 3. exd5 Qxd5 4. Nf3 Nf6 5. Na3 e6 6. d4 Qd8 7. Nc4 Nc6 8. Be3 Nd5 9. Bd3 cxd4 10. Nxd4 Nxe3 11. fxe3 Be7 12. O-O O-O 13. Kh1 Bd7 14. Nxc6 Bxc6 15. Ne5 Qd5 16. Nxc6 Qxc6 17. Qe2 Bd6 18. Rf3 g6 19. Raf1 Rad8 20. Bc2 Be5 21. Qf2 Rd7 22. Qh4 Bg7 23. Bb3 Qd6 24. h3 Qe7 25. Qe4 b6 26. a4 Kh8 27. Qf4 Kg8 28. R3f2 Qd6 29. Qg4 Qe7 30. Rf4 Rc7 31. Qf3 Qe8 32. h4 h5 33. g4 Qa8 34. Qxa8 Rxa8 35. gxh5 gxh5 36. Rg1 Kh7 37. Rg5 Bh6 38. Bc2+ f5 39. Rxh5 Kg6 40. Rxh6+ Kxh6 41. e4 Rf8 42. exf5 Rcf7 43. Kg2 exf5 44. Kh3 Kg6 45. Rf3 Re8 46. Bd3 Re5 47. Kg3 Kf6 48. Kh3 Rg7 49. b4 Rg1 50. Kh2 Rc1 51. Bb5 Re4 52. Kg3 Rg4+ 53. Kf2 Rxh4 54. Ke2 Rh2+ 55. Kd3 Ke5 56. Re3+ Kf4 57. Re7 Rh3+ 58. Kd4 Rhxc3 59. Rxa7 Rc8 60. Kd3 Rd1+ 61. Ke2 Rcd8 62. Kf2 R1d2+ 63. Be2 Re8 0-1


[Site "https://www.chess.com"]

[Event "Titled Tuesday Blitz May 30 Early 2023"]
[White "Babazada, Khazar"]
[Black "Kravtsiv, Martyn"]
[WhiteFideId "13413554"]
[BlackFideId "14113147"]
[WhiteElo "2351"]
[BlackElo "2695"]
[Result "0-1"]
[Round "09"]
[TimeControl "180+2"]
[Date "2023.05.30"]
[WhiteClock "0:00:42"]
[BlackClock "0:00:12"]

1. e4 e6 2. d4 d5 3. Nc3 Nf6 4. e5 Nfd7 5. Nce2 c5 6. c3 Nc6 7. Nf3 Qa5 8. a3 Qb6 9. Nf4 Na5 10. dxc5 Bxc5 11. Nd3 Nb3 12. Rb1 a5 13. Nxc5 Ndxc5 14. Be3 Bd7 15. Nd4 Rc8 16. Qg4 g6 17. Be2 h5 18. Qf4 Nxd4 19. Bxd4 Qc7 20. Qf6 Rg8 21. f3 Nb3 22. Bf2 Qd8 23. Qf4 g5 24. Qe3 g4 25. fxg4 hxg4 26. O-O Qg5 27. Qb6 Qxe5 28. Bb5 Nd2 29. Rbe1 Qc7 30. Rxe6+ Kf8 31. Bxd7 Qxd7 32. Bc5+ Kg7 33. Re7 Qc6 34. Rfxf7+ Kg6 35. Qxa5 Qxc5+ 36. Qxc5 Rxc5 37. Rxb7 Ne4 38. Rfd7 Nf6 39. Rd6 Rf8 40. Kf2 Kf5 41. Ke3 Rc4 42. Kd3 Rf4 43. g3 Rf2 44. Rb4 Ke5 45. Ra6 Ne4 0-1


[Site "https://www.chess.com"]

[Event "Titled Tuesday Blitz May 30 Early 2023"]
[White "Mahdavi, Reza"]
[Black "Lenderman, Aleksandr"]
[WhiteFideId "12595926"]
[BlackFideId "2021285"]
[WhiteElo "2352"]
[BlackElo "2607"]
[Result "1/2-1/2"]
[Round "09"]
[TimeControl "180+2"]
[Date "2023.05.30"]
[WhiteClock "0:00:16"]
[BlackClock "0:00:24"]

1. e4 d5 2. exd5 Nf6 3. Nf3 Bg4 4. Bb5+ Nbd7 5. h3 Bh5 6. Nc3 a6 7. Be2 Nb6 8. O-O Nbxd5 9. Nxd5 Nxd5 10. d4 e6 11. c4 Nf6 12. Bf4 Bd6 13. Ne5 Bxe2 14. Qxe2 O-O 15. Rad1 Re8 16. Rfe1 c6 17. Bg5 Be7 18. Qf3 Qa5 19. a3 Rad8 20. b4 Qc7 21. Rd3 Qc8 22. Red1 Rf8 23. Bh4 Rde8 24. Bxf6 Bxf6 25. Ng4 Be7 26. d5 cxd5 27. cxd5 exd5 28. Rxd5 Rd8 29. Rxd8 Rxd8 30. Rxd8+ Bxd8 31. Qd5 Qc1+ 32. Kh2 Qc7+ 33. g3 Be7 34. Ne5 Bf6 35. Nd7 Bb2 36. a4 g6 37. Nc5 Bc3 38. b5 axb5 39. axb5 Qb6 40. Ne4 Bb4 41. Kg2 Bf8 42. Ng5 Qc7 43. Ne4 Qe7 44. g4 h6 45. Qd4 Bg7 46. Qd5 b6 47. Qc6 Bd4 48. Qd5 Be5 49. h4 Kg7 50. g5 hxg5 51. hxg5 Qc7 52. Nd2 Qd6 53. Qxd6 Bxd6 54. Nc4 Bc5 55. f4 Kf8 56. Kf3 Ke7 57. Ke4 Ke6 58. Ne5 Bd6 59. Nc6 Bc7 60. Nd4+ Kd6 61. f5 Bd8 62. Nf3 gxf5+ 63. Kxf5 Kc5 64. Ne5 Kxb5 65. Nxf7 Bxg5 66. Kxg5 Kc5 67. Kf4 Kd4 68. Nd6 b5 69. Nxb5+ 1/2-1/2


[Site "https://www.chess.com"]

[Event "Titled Tuesday Blitz May 30 Early 2023"]
[White "Svane, Rasmus"]
[Black "Bryakin, Mikhail"]
[WhiteFideId "4657101"]
[BlackFideId "4165314"]
[WhiteElo "2601"]
[BlackElo "2467"]
[Result "1/2-1/2"]
[Round "09"]
[TimeControl "180+2"]
[Date "2023.05.30"]
[WhiteClock "0:00:11"]
[BlackClock "0:00:04"]

1. Nf3 c5 2. c4 Nf6 3. Nc3 Nc6 4. e3 d5 5. cxd5 Nxd5 6. Bb5 Nxc3 7. bxc3 Bd7 8. O-O e6 9. d4 Be7 10. e4 O-O 11. Rb1 Na5 12. Bd3 cxd4 13. cxd4 b6 14. Ne5 Rc8 15. Be3 Be8 16. Qe2 f6 17. Nf3 Bh5 18. h3 Qc7 19. Rfc1 Qb8 20. d5 e5 21. g4 Bf7 22. Ba6 Rxc1+ 23. Rxc1 Nb7 24. Nh4 g6 25. Bxb7 Qxb7 26. Nf3 Rc8 27. Rxc8+ Qxc8 28. Kg2 g5 29. Nd2 Qc2 30. Qb5 Qxa2 31. Qd7 Bf8 32. Nf1 Qa3 33. Ng3 Qe7 34. Qb5 Bg6 35. Nf5 Bxf5 36. gxf5 h5 37. Kf3 Kg7 38. Qc6 Kf7 39. Qc8 Kg7 40. Qc6 Kf7 41. Ke2 Kg7 42. Kd1 Kf7 43. Kc2 Qa3 44. Qd7+ Be7 45. Qe6+ Kf8 46. Qc8+ Kf7 47. Qe6+ Kf8 48. h4 Qa2+ 49. Kd3 Qb1+ 50. Ke2 Qc2+ 51. Kf1 Qd1+ 52. Kg2 Qg4+ 53. Kf1 Qd1+ 54. Kg2 Qg4+ 55. Kf1 Qd1+ 1/2-1/2


[Site "https://www.chess.com"]

[Event "Titled Tuesday Blitz May 30 Early 2023"]
[White "Baskakov, Egor"]
[Black "Pranesh M"]
[WhiteFideId "24197866"]
[BlackFideId "35028600"]
[WhiteElo "2225"]
[BlackElo "2437"]
[Result "1-0"]
[Round "09"]
[TimeControl "180+2"]
[Date "2023.05.30"]
[WhiteClock "0:00:14"]
[BlackClock "0:00:03"]

1. e4 c5 2. Nf3 d6 3. d4 cxd4 4. Nxd4 Nf6 5. Nc3 a6 6. a4 g6 7. g3 Bg7 8. Bg2 O-O 9. h3 Nc6 10. Nde2 Nd7 11. O-O Nb6 12. Nd5 Nxd5 13. exd5 Ne5 14. Ra2 Bd7 15. b3 Be8 16. a5 Rb8 17. Be3 Nd7 18. c4 Kh8 19. Re1 Nc5 20. Nd4 Rc8 21. Bg5 Rc7 22. Rae2 Bf6 23. Bh6 Rg8 24. h4 Bd7 25. Bf3 Bf5 26. Re3 Rc8 27. Bf4 Qxa5 28. Rxe7 Nd3 29. Nxf5 Nxe1 30. Nxd6 Bxe7 31. Nxf7+ Kg7 32. Bg4 Kxf7 33. Qe2 Bf6 34. Bxc8 Nf3+ 35. Kg2 Nd4 36. Be6+ Kg7 37. Qe3 Nxe6 38. Bh6+ Kh8 39. Qxe6 Qd8 40. d6 Bg7 41. Bg5 Qb8 42. d7 b5 43. c5 a5 44. c6 a4 45. bxa4 bxa4 46. Bf4 Qf8 47. c7 Qa8+ 48. Kh2 Qf3 49. Be3 Qb7 50. c8=Q Rxc8 51. dxc8=Q+ Qxc8 52. Qxc8+ Bf8 53. Qxf8# 1-0


[Site "https://www.chess.com"]

[Event "Titled Tuesday Blitz May 30 Early 2023"]
[White "Mendonca, Leon Luke"]
[Black "Narayanan, Srinath"]
[WhiteFideId "35028561"]
[BlackFideId "5018420"]
[WhiteElo "2464"]
[BlackElo "2438"]
[Result "0-1"]
[Round "09"]
[TimeControl "180+2"]
[Date "2023.05.30"]
[WhiteClock "0:00:00"]
[BlackClock "0:01:04"]

1. e4 c5 2. Nf3 d6 3. c3 Nf6 4. Be2 g6 5. O-O Bg7 6. Re1 O-O 7. Bf1 Nc6 8. h3 e5 9. d3 h6 10. a4 Re8 11. Na3 d5 12. exd5 Nxd5 13. Nc4 Qc7 14. a5 Bf5 15. Qb3 Rad8 16. Qb5 b6 17. Be3 Rb8 18. axb6 axb6 19. Bd2 Bd7 20. Qb3 Be6 21. Qc2 b5 22. Ne3 Nf4 23. h4 Qd7 24. g3 Nh3+ 25. Kg2 Rbd8 26. Bc1 Nf4+ 27. gxf4 exf4 28. Nd1 Bd5 29. Rxe8+ Rxe8 30. Bxf4 Qg4+ 31. Bg3 Qxf3+ 32. Kh3 Qh1+ 33. Bh2 Qxf1+ 0-1


[Site "https://www.chess.com"]

[Event "Titled Tuesday Blitz May 30 Early 2023"]
[White "Terry, Renato"]
[Black "Gorovets, Andrey"]
[WhiteFideId "3803457"]
[BlackFideId "13504037"]
[WhiteElo "2575"]
[BlackElo "2459"]
[Result "0-1"]
[Round "09"]
[TimeControl "180+2"]
[Date "2023.05.30"]
[WhiteClock "0:00:13"]
[BlackClock "0:00:03"]

1. e4 c5 2. Nf3 d6 3. Bb5+ Nd7 4. O-O a6 5. Bd3 Ngf6 6. c3 b5 7. Bc2 Bb7 8. Re1 e6 9. d4 Qc7 10. Nbd2 Rc8 11. Bd3 cxd4 12. cxd4 Be7 13. Nb3 Nb6 14. Na5 Ba8 15. b3 d5 16. e5 Ne4 17. a3 Qc3 18. Bxe4 Qxa1 19. Bd3 Bxa3 20. Bxa3 Qxa3 21. Qd2 h6 22. b4 Nc4 23. Qc1 Qxd3 24. Re3 Qh7 25. Nb3 O-O 26. Rc3 Nb6 27. Nc5 Rc6 28. Nd2 Rfc8 29. Ndb3 Nc4 30. Rg3 Kh8 31. Rf3 Qg6 32. h4 R8c7 33. Qf4 Nb6 34. Na5 Na4 35. Nxc6 Bxc6 36. Nd3 Qe4 37. Qg3 Nc3 38. Kh2 Ne2 39. Qh3 Qxd4 40. h5 Be8 41. Nc5 Qxe5+ 42. g3 Nd4 43. Re3 Qf6 44. Kg2 Nf5 45. Re1 d4 46. Qg4 Bc6+ 47. Kg1 d3 48. Qf4 Rc8 49. Nxd3 Nd4 50. Rd1 Ne2+ 0-1


[Site "https://www.chess.com"]

[Event "Titled Tuesday Blitz May 30 Early 2023"]
[White "Herrera Reyes, Jose Antonio"]
[Black "Ibarra Jerez, Jose Carlos"]
[WhiteFideId "2274914"]
[BlackFideId "2226332"]
[WhiteElo "2272"]
[BlackElo "2638"]
[Result "0-1"]
[Round "09"]
[TimeControl "180+2"]
[Date "2023.05.30"]
[WhiteClock "0:00:18"]
[BlackClock "0:00:04"]

1. Nf3 Nf6 2. g3 d6 3. Bg2 g6 4. d3 Bg7 5. Nc3 O-O 6. h4 c5 7. h5 Nxh5 8. Bg5 Nf6 9. Bh6 Bxh6 10. Rxh6 Kg7 11. Qd2 Nc6 12. O-O-O Ng4 13. Rh4 h5 14. Rxh5 Rh8 15. Rxh8 Qxh8 16. Rh1 Qg8 17. Ng5 Kf8 18. Qf4 Nf6 19. Nd5 Nh5 20. Qh4 f6 21. Ne4 Qxd5 22. g4 Qxa2 23. gxh5 g5 24. Qg3 Bf5 25. Nxd6 Bh7 26. Nxb7 Rc8 27. Qg4 Rc7 28. Nxc5 Qa1+ 29. Kd2 Qa5+ 30. b4 Nxb4 31. Ne6+ Kg8 32. Nxc7 Nd5+ 33. c3 Qxc3+ 34. Kd1 Qa1+ 35. Kd2 Qb2+ 36. Kd1 Nc3+ 37. Ke1 Qc1# 0-1


[Site "https://www.chess.com"]

[Event "Titled Tuesday Blitz May 30 Early 2023"]
[White "Makarian, Rudik"]
[Black "Karthik Rajaa"]
[WhiteFideId "44105681"]
[BlackFideId "25035215"]
[WhiteElo "2461"]
[BlackElo "2215"]
[Result "1-0"]
[Round "09"]
[TimeControl "180+2"]
[Date "2023.05.30"]
[WhiteClock "0:00:15"]
[BlackClock "0:00:02"]

1. d4 Nf6 2. c4 g6 3. Nc3 Bg7 4. e4 d6 5. Be2 O-O 6. Be3 e5 7. d5 Na6 8. g4 Nd7 9. h4 Ndc5 10. h5 h6 11. Qd2 g5 12. f3 Nb8 13. b4 Nca6 14. a3 c5 15. bxc5 Nxc5 16. Bxc5 dxc5 17. Nh3 Na6 18. Nf2 Nc7 19. Nd3 b6 20. Kf2 Ne8 21. Nd1 Nd6 22. Ne3 Bd7 23. Kg2 Qe7 24. Rhb1 Rfb8 25. Qc2 Rc8 26. Qd2 Rab8 27. Ra2 Bf6 28. Rab2 Qe8 29. Bd1 Bd8 30. Qc3 f6 31. Qd2 Kg7 32. Nc1 Be7 33. Ne2 Qd8 34. Nc3 a6 35. Be2 Qc7 36. Rb3 Bd8 37. Qb2 Qa7 38. Qd2 Be7 39. R3b2 Bd8 40. Bd1 Rb7 41. Ba4 Bxa4 42. Nxa4 b5 43. Nc3 b4 44. axb4 cxb4 45. Na4 Rxc4 46. Nxc4 Nxc4 47. Qf2 Nxb2 48. Qxa7 Rxa7 49. Rxb2 a5 50. Rc2 Rc7 51. Rxc7+ Bxc7 52. Kf2 Kf7 53. Ke2 Ke7 54. Kd3 Kd6 55. Kc4 Bd8 56. Kb5 Bc7 57. Nc5 Bd8 58. Nb7+ Kd7 59. Nc5+ Kd6 60. Kc4 Bb6 61. Ne6 Bd4 62. Ng7 Bc3 63. Nf5+ Kd7 64. Kb3 Kc7 65. Nxh6 Kb6 66. d6 Bd4 67. d7 Kc7 68. Nf5 Kxd7 69. h6 1-0


[Site "https://www.chess.com"]

[Event "Titled Tuesday Blitz May 30 Early 2023"]
[White "Durarbayli, Vasif"]
[Black "Di Benedetto, Edoardo"]
[WhiteFideId "13402935"]
[BlackFideId "875740"]
[WhiteElo "2551"]
[BlackElo "2296"]
[Result "1-0"]
[Round "09"]
[TimeControl "180+2"]
[Date "2023.05.30"]
[WhiteClock "0:00:02"]
[BlackClock "0:00:04"]

1. e4 e6 2. d4 d5 3. e5 c5 4. c3 Qb6 5. Nf3 Bd7 6. Bd3 Bb5 7. dxc5 Bxc5 8. b4 Bf8 9. Be3 Qc6 10. Bxb5 Qxb5 11. Na3 Qd7 12. O-O Ne7 13. c4 dxc4 14. Nxc4 Qxd1 15. Rfxd1 Nd5 16. Bc5 Nd7 17. Bxf8 Kxf8 18. Nd6 Ke7 19. a3 b6 20. Rac1 Rhd8 21. Nb5 a6 22. Nbd4 Rdc8 23. Kf1 h6 24. h4 Rxc1 25. Rxc1 Kd8 26. Nc6+ Ke8 27. Ncd4 Kd8 28. Nc6+ Ke8 29. a4 b5 30. axb5 axb5 31. Nfd4 Rc8 32. Nxb5 Kf8 33. Nd6 Rc7 34. Nb5 Rb7 35. Nbd4 Kg8 36. b5 Nf4 37. Rd1 Nc5 38. g3 Nd5 39. Rc1 Nd3 40. Ra1 Kh7 41. Ra7 Rxa7 42. Nxa7 Nxe5 43. Nc8 Nc4 44. Ke2 Ndb6 45. Nxb6 Nxb6 46. Nc6 Kg6 47. Kd3 Kf6 48. Kd4 Kf5 49. f3 h5 50. Kc5 Na4+ 51. Kb4 Nb6 52. Kc5 Na4+ 53. Kd6 g5 54. Ne7+ Kf6 55. Nc8 gxh4 56. gxh4 Kf5 57. Ke7 Kf4 58. Kxf7 Kxf3 59. Kg6 Kg4 60. Nd6 Kxh4 61. Ne4 e5 62. Kf5 Kh3 63. Kxe5 h4 64. Kf4 Kg2 65. Ng5 Nb6 66. Kg4 Kf2 67. Ne6 Kg2 68. Kxh4 Kf3 69. Kg5 Ke4 70. Kf6 Kd5 71. Ke7 Kc4 72. Nc7 Kc5 73. Kd8 Nd5 74. Kc8 Nxc7 75. b6 Kb5 76. bxc7 1-0


[Site "https://www.chess.com"]

[Event "Titled Tuesday Blitz May 30 Early 2023"]
[White "Ozates, Tuna"]
[Black "Ahmadzada, Ahmad"]
[WhiteFideId "6354521"]
[BlackFideId "13413007"]
[WhiteElo "2151"]
[BlackElo "2388"]
[Result "0-1"]
[Round "09"]
[TimeControl "180+2"]
[Date "2023.05.30"]
[WhiteClock "0:00:06"]
[BlackClock "0:00:31"]

1. e4 c5 2. Nf3 e6 3. d4 cxd4 4. Nxd4 d6 5. c4 Nf6 6. Nc3 Be7 7. Be2 O-O 8. O-O a6 9. Be3 Qc7 10. Qd2 b6 11. Rfc1 Bb7 12. a4 Nbd7 13. f3 Rac8 14. a5 bxa5 15. Nb3 h5 16. Nxa5 Ba8 17. b4 Ne5 18. Na4 Rb8 19. b5 Nfd7 20. Rab1 Nc5 21. Nxc5 dxc5 22. Bf4 Bd6 23. Kh1 Rfd8 24. Qc3 Ng6 25. Bxd6 Rxd6 26. Rd1 Rbd8 27. Rxd6 Rxd6 28. Rd1 Nf4 29. Rxd6 Qxd6 30. Qe3 g5 31. Nb3 axb5 32. cxb5 Nxe2 33. Qxe2 c4 34. Na5 c3 35. Nc4 Qb4 36. Ne3 Qb1+ 0-1


[Site "https://www.chess.com"]

[Event "Titled Tuesday Blitz May 30 Early 2023"]
[White "Trifan, Andrei Ioan"]
[Black "Bachmann, Axel"]
[WhiteFideId "12967068"]
[BlackFideId "3700488"]
[WhiteElo "2208"]
[BlackElo "2605"]
[Result "0-1"]
[Round "09"]
[TimeControl "180+2"]
[Date "2023.05.30"]
[WhiteClock "0:00:11"]
[BlackClock "0:00:22"]

1. e4 c6 2. d4 d5 3. exd5 cxd5 4. c4 Nf6 5. Nc3 Nc6 6. Nf3 Be6 7. Ne2 dxc4 8. Nf4 Bd5 9. Nxd5 Qxd5 10. b3 cxb3 11. axb3 e6 12. Bc4 Bb4+ 13. Kf1 Qh5 14. Bg5 Ne4 15. d5 Nxg5 16. dxc6 bxc6 17. Ra4 Nxf3 18. gxf3 Rd8 19. Qe2 Qh3+ 20. Kg1 a5 21. Ra1 O-O 22. Rd1 h6 23. Bd3 Rd5 24. f4 Rfd8 25. Bc2 Rxd1+ 26. Bxd1 Rd2 27. Qf3 Qxf3 28. Bxf3 Bc5 29. Kg2 Rxf2+ 30. Kg3 Rc2 31. Rd1 Rc3 32. Kg2 Rxb3 33. Rd8+ Kh7 34. Bxc6 Rb2+ 35. Kg3 Bg1 36. h3 Bh2+ 37. Kg4 Rb4 38. Kf3 Bxf4 39. Be4+ f5 40. Bd3 Bg5 41. Re8 Rb3 42. Ke2 Rb6 43. Kf3 Kg6 44. Ra8 Kf6 45. Rxa5 e5 46. Ra6 e4+ 47. Ke2 exd3+ 0-1


[Site "https://www.chess.com"]

[Event "Titled Tuesday Blitz May 30 Early 2023"]
[White "Shuvalova, Polina"]
[Black "Pranav, V"]
[WhiteFideId "24171760"]
[BlackFideId "25060783"]
[WhiteElo "2281"]
[BlackElo "2515"]
[Result "0-1"]
[Round "09"]
[TimeControl "180+2"]
[Date "2023.05.30"]
[WhiteClock "0:00:02"]
[BlackClock "0:00:40"]

1. e4 e5 2. Nf3 Nc6 3. Nc3 Nf6 4. d4 exd4 5. Nxd4 Bb4 6. Nxc6 bxc6 7. Bd3 d6 8. O-O Ng4 9. h3 Ne5 10. f4 Nxd3 11. Qxd3 O-O 12. f5 Re8 13. f6 g6 14. Bg5 a5 15. Rf4 Re5 16. Qg3 Rb8 17. Kh1 Bc5 18. b3 Bd4 19. Rd1 Bxc3 20. Rf3 Bb2 21. Rb1 Rxg5 22. Qxg5 Be5 23. Rd1 Qf8 24. Qh4 h6 25. c4 Kh7 26. g4 Bb7 27. c5 Re8 28. g5 h5 29. Qf2 dxc5 30. Rfd3 Bd6 31. Re1 c4 32. bxc4 c5 33. Rde3 Re5 34. h4 Qe8 35. Qc2 Qe6 36. Qg2 Rf5 37. Rb1 Bc6 38. Kg1 Rf4 0-1


[Site "https://www.chess.com"]

[Event "Titled Tuesday Blitz May 30 Early 2023"]
[White "Goryachkina, Aleksandra"]
[Black "Zhigalko, Sergei"]
[WhiteFideId "4147103"]
[BlackFideId "13502956"]
[WhiteElo "2471"]
[BlackElo "2626"]
[Result "0-1"]
[Round "09"]
[TimeControl "180+2"]
[Date "2023.05.30"]
[WhiteClock "0:00:00"]
[BlackClock "0:00:12"]

1. d4 Nf6 2. c4 e6 3. Nf3 b6 4. g3 Ba6 5. b3 Bb4+ 6. Bd2 Be7 7. Nc3 O-O 8. e4 d5 9. cxd5 Bxf1 10. Kxf1 exd5 11. e5 Ne4 12. Kg2 Qd7 13. Rc1 Nxc3 14. Rxc3 Rc8 15. Bg5 Bb4 16. Rd3 Nc6 17. h4 h6 18. Bf4 Nd8 19. Be3 Ne6 20. h5 Be7 21. Qd2 Rd8 22. Rd1 Rac8 23. Nh2 a5 24. g4 c5 25. dxc5 d4 26. Bxd4 Qc6+ 27. f3 Bg5 28. Qc2 Nf4+ 29. Kg3 Nxd3 30. Rxd3 bxc5 31. Bc3 Rxd3 32. Qxd3 c4 33. bxc4 Qxc4 34. Qxc4 Rxc4 35. Bxa5 Bf4+ 36. Kh3 Bxe5 37. Nf1 Ra4 38. Bd2 Rxa2 39. f4 Bd6 40. Kg3 Ra3+ 41. Kg2 Bc5 42. f5 Bd4 43. Bf4 Ra4 44. Bd2 Bf6 45. Kg3 Bg5 46. Bxg5 hxg5 47. Nd2 Ra3+ 48. Kf2 Ra4 49. Kf3 f6 50. Ne4 Ra3+ 51. Kf2 Kf8 52. Nc5 Ra2+ 53. Kf3 Kf7 54. Ne6 Ra3+ 55. Kf2 Rd3 56. Ke2 Rg3 57. Kf2 Rxg4 0-1


[Site "https://www.chess.com"]

[Event "Titled Tuesday Blitz May 30 Early 2023"]
[White "Agibileg, Uurtsaikh"]
[Black "Asis Gargatagli, Hipolito"]
[WhiteFideId "4901606"]
[BlackFideId "2260735"]
[WhiteElo "2353"]
[BlackElo "2557"]
[Result "0-1"]
[Round "09"]
[TimeControl "180+2"]
[Date "2023.05.30"]
[WhiteClock "0:01:02"]
[BlackClock "0:02:37"]

1. d4 f5 2. g3 Nf6 3. Bg2 g6 4. Nf3 Bg7 5. O-O O-O 6. b3 d6 7. Bb2 a5 8. a4 Nc6 9. Nbd2 Qe8 10. c4 e5 11. dxe5 dxe5 12. e4 f4 13. gxf4 Nh5 14. fxe5 Nf4 15. Kh1 Bg4 16. Rg1 Rd8 17. Qc2 Nb4 18. Qc3 Rd3 19. Qc1 Nxg2 20. Rxg2 Bxf3 21. Nxf3 Rdxf3 22. Bd4 Bxe5 23. Bxe5 Qxe5 24. Qg1 Nd3 0-1


[Site "https://www.chess.com"]

[Event "Titled Tuesday Blitz May 30 Early 2023"]
[White "Sethuraman, S.P."]
[Black "iHateNAJDORF"]
[WhiteFideId "5021596"]
[WhiteElo "2543"]
[BlackElo "2632"]
[Result "1-0"]
[Round "09"]
[TimeControl "180+2"]
[Date "2023.05.30"]
[WhiteClock "0:00:56"]
[BlackClock "0:00:03"]

1. c4 e5 2. Nc3 Bb4 3. Nd5 Be7 4. Nf3 Nc6 5. d4 exd4 6. Nxd4 Nxd4 7. Qxd4 Nf6 8. Nxe7 Qxe7 9. Bg5 d6 10. e3 Qe5 11. Bxf6 Qxf6 12. Qxf6 gxf6 13. O-O-O Be6 14. Rd4 O-O-O 15. Rf4 f5 16. Bd3 d5 17. Bxf5 dxc4 18. Bxe6+ fxe6 19. Rxc4 Rhf8 20. f4 e5 21. Rd1 Rde8 22. Re4 h5 23. Rd5 exf4 24. Rxe8+ Rxe8 25. exf4 Re1+ 26. Kd2 Rg1 27. Rg5 h4 28. Ke3 Rh1 29. h3 Ra1 30. Ra5 a6 31. Kf3 Rf1+ 32. Kg4 Rf2 33. Kxh4 Rxg2 34. b3 Kd7 35. Re5 Rxa2 36. f5 Rg2 37. Kh5 Rg3 38. h4 Rxb3 39. f6 Rf3 40. Kg6 Rg3+ 41. Kh7 Rf3 42. Kg7 Kd6 43. Rg5 Ke6 44. Rg1 c5 45. Re1+ Kf5 46. f7 Kg4 47. f8=Q Rxf8 48. Kxf8 Kxh4 49. Ke7 Kg3 50. Kd6 c4 51. Kc5 b5 52. Kb4 Kf2 53. Re6 Kf3 54. Rxa6 Ke4 55. Rc6 Kd3 56. Kxb5 c3 57. Kb4 c2 58. Kb3 Kd4 59. Rxc2 Kd5 1-0


[Site "https://www.chess.com"]

[Event "Titled Tuesday Blitz May 30 Early 2023"]
[White "Hayrapetyan, Hovik"]
[Black "Martic, Ivan"]
[WhiteFideId "13302639"]
[BlackFideId "929301"]
[WhiteElo "2348"]
[BlackElo "2360"]
[Result "1-0"]
[Round "09"]
[TimeControl "180+2"]
[Date "2023.05.30"]
[WhiteClock "0:01:14"]
[BlackClock "0:00:17"]

1. d4 d5 2. c4 c6 3. Nf3 Nf6 4. Nc3 dxc4 5. a4 Bf5 6. e3 e6 7. Bxc4 Bb4 8. O-O Nbd7 9. Qe2 O-O 10. e4 Bg6 11. Bd3 Bh5 12. Bf4 Re8 13. e5 Nd5 14. Nxd5 cxd5 15. h3 Nb8 16. g4 Bg6 17. Bxg6 fxg6 18. Qb5 Nc6 19. Qxb7 Rc8 20. Rac1 Re7 21. Qb5 Qd7 22. Rxc6 Qxc6 23. Qxb4 Rf7 24. Rc1 Qe8 25. Rxc8 Qxc8 26. Qd2 h6 27. Ne1 Qc4 28. Be3 Qxa4 29. Nd3 g5 30. Nc5 Qc6 31. Qa5 Rc7 32. Nxe6 Rb7 33. Nd8 Qb6 34. Qxd5+ 1-0


[Site "https://www.chess.com"]

[Event "Titled Tuesday Blitz May 30 Early 2023"]
[White "Bodnaruk, Anastasia"]
[Black "Kukhmazov, Arsen"]
[WhiteFideId "4181751"]
[BlackFideId "24108260"]
[WhiteElo "2304"]
[BlackElo "2396"]
[Result "0-1"]
[Round "09"]
[TimeControl "180+2"]
[Date "2023.05.30"]
[WhiteClock "0:00:15"]
[BlackClock "0:00:44"]

1. e4 e5 2. Nf3 Nc6 3. Bb5 a6 4. Ba4 Nf6 5. O-O Nxe4 6. d4 b5 7. Bb3 d5 8. dxe5 Be6 9. c3 Bc5 10. Bc2 O-O 11. Nbd2 Nxf2 12. Rxf2 f6 13. exf6 Bxf2+ 14. Kxf2 Qxf6 15. Nf1 Ne5 16. Ng3 Bg4 17. Qxd5+ Kh8 18. Qe4 g6 19. Bh6 Nxf3 20. gxf3 Bxf3 21. Qd4 Be4+ 22. Ke3 Bxc2 23. Bxf8 Rxf8 24. Rf1 Qxd4+ 25. Kxd4 Rd8+ 26. Kc5 Rd2 27. Kc6 Rxh2 28. Kxc7 h5 29. Kb6 h4 30. Nh1 Bd3 31. Rd1 Be4 32. Kxa6 Rxh1 33. Rd4 Re1 34. Rd8+ Kg7 35. Rd7+ Kh6 36. Rd8 g5 0-1


[Site "https://www.chess.com"]